3L
ATHLETIC CLUB KC @ MONTANA PANDAS
08/30/2041
 
TOP OF THE 1ST
Athletic Club KC batting - Pitching for Montana Pandas : RHP Phil Soto
Pitching: RHP Phil Soto
Batting: RHB Ali Ben Bongo 0-0: Ball
1-0: Ball
2-0: Ball
3-0: Called Strike
3-1: Base on Balls
Batting: SHB Mike Ríos 0-0: Ball
1-0: Grounds out, U3 (Groundball, 3L, EV 93.1 MPH)
Batting: RHB Jimbob Ghostkeeper 0-0: Ball
1-0: Ball
2-0: Foul Ball, location: 2F
2-1: Ball
3-1: Foul Ball, location: 2F
3-2: Foul Ball, location: 2F
3-2: Base on Balls
Batting: LHB César Núñez 0-0: Foul Ball, location: 2F
0-1: Ball
1-1: Ball
2-1: Foul Ball, location: 2F
2-2: Strikes out swinging
Batting: RHB José de la Cavallería 0-0: Ball
1-0: Fielders Choice at 2nd, 6-4 (Groundball, 6, EV 81.2 MPH)
Top of the 1st over - 0 runs, 0 hits, 0 errors, 2 left on base; Athletic Club KC 0 - Montana 0
BOTTOM OF THE 1ST
Montana Pandas batting - Pitching for Athletic Club KC : RHP Ray McKendrick
Pitching: RHP Ray McKendrick
Batting: SHB Manu Pakkarinen 0-0: Ground out 4-3 (Groundball, 4MD, EV 106.9 MPH)
Batting: SHB Chris Piña 0-0: Ground out 6-3 (Groundball, 6MS, EV 81.9 MPH)
Batting: LHB Gene Ricks 0-0: Ball
1-0: Ground out 5-3 (Groundball, 56, EV 105.6 MPH)
Bottom of the 1st over - 0 runs, 0 hits, 0 errors, 0 left on base; Athletic Club KC 0 - Montana 0
TOP OF THE 2ND
Athletic Club KC batting - Pitching for Montana Pandas : RHP Phil Soto
Batting: RHB Marcos Quintana 0-0: Ball
1-0: Called Strike
1-1: Foul Ball, location: 2F
1-2: Ball
2-2: Foul Ball, location: 2F
2-2: Foul Ball, location: 2F
2-2: Foul Ball, location: 2F
2-2: Foul Ball, location: 2F
2-2: Ground out 5-3 (Groundball, 56S, EV 83.1 MPH)
Batting: RHB Shou-xin Quian 0-0: Ball
1-0: Swinging Strike
1-1: Swinging Strike
1-2: Ball
2-2: Ball
3-2: Strikes out swinging
Batting: RHB Shane Reyes 0-0: Ball
1-0: Fly out, F7 (Line Drive, 78M, EV 95.0 MPH)
Top of the 2nd over - 0 runs, 0 hits, 0 errors, 0 left on base; Athletic Club KC 0 - Montana 0
BOTTOM OF THE 2ND
Montana Pandas batting - Pitching for Athletic Club KC : RHP Ray McKendrick
Batting: SHB Dylan Carson 0-0: Called Strike
0-1: Foul Ball, location: 2F
0-2: Ball
1-2: Ground out 1-3 (Groundball, 13S, EV 70.6 MPH)
Batting: LHB DeMarvion Overshown 0-0: Fly out, F7 (Line Drive, 7, EV 100.6 MPH)
Batting: RHB Edgar Baeza 0-0: Ball
1-0: Ball
2-0: Ball
3-0: Base on Balls
Batting: RHB Eikki Kankaanperä 0-0: SINGLE (Groundball, 4, EV 78.1 MPH) (infield hit)
Edgar Baeza to second
Batting: RHB Blythe Plumpley 0-0: Fielders Choice at 2nd, 6-4 (Groundball, 6, EV 100.0 MPH)
Bottom of the 2nd over - 0 runs, 1 hit, 0 errors, 2 left on base; Athletic Club KC 0 - Montana 0
TOP OF THE 3RD
Athletic Club KC batting - Pitching for Montana Pandas : RHP Phil Soto
Batting: RHB Gabriel Martínez 0-0: Ball
1-0: Foul Ball, location: 2F
1-1: Ball
2-1: Ball
3-1: Base on Balls
Batting: RHB Ali Ben Bongo 0-0: Ball
1-0: Called Strike
1-1: Called Strike
1-2: Fly out, F8 (Flyball, 8RD, EV 91.9 MPH)
Batting: SHB Mike Ríos 0-0: Ball
1-0: Called Strike
1-1: Ball
2-1: Ball
3-1: Foul Ball, location: 2F
3-2: Foul Ball, location: 2F
3-2: Foul Ball, location: 2F
3-2: Ground out U3 (Groundball, 3S, EV 78.1 MPH)
Gabriel Martínez to second
Batting: RHB Jimbob Ghostkeeper 0-0: Ball
Wild Pitch!
Gabriel Martínez to third
1-0: Swinging Strike
1-1: Ball
2-1: Called Strike
2-2: Ball
3-2: Base on Balls
Batting: LHB César Núñez 0-0: Swinging Strike
0-1: Ground out 4-3 (Groundball, 4, EV 79.4 MPH)
Top of the 3rd over - 0 runs, 0 hits, 0 errors, 2 left on base; Athletic Club KC 0 - Montana 0
BOTTOM OF THE 3RD
Montana Pandas batting - Pitching for Athletic Club KC : RHP Ray McKendrick
Batting: RHB Nick Harper 0-0: Ball
1-0: Ball
2-0: Foul Ball, location: 2F
2-1: Ground out U3 (Groundball, 3, EV 83.8 MPH)
Batting: SHB Manu Pakkarinen 0-0: Called Strike
0-1: Called Strike
0-2: Ball
1-2: Foul Ball, location: 2F
1-2: Foul Ball, location: 2F
1-2: Ball
2-2: Foul Ball, location: 2F
2-2: Foul Ball, location: 2F
2-2: Strikes out swinging
Batting: SHB Chris Piña 0-0: Foul Ball, location: 2F
0-1: Foul Ball, location: 2F
0-2: Ball
1-2: SOLO HOME RUN (Flyball, 9D, EV 90.0 MPH), Distance : 345 ft
Batting: LHB Gene Ricks 0-0: Foul Ball, location: 2F
0-1: Swinging Strike
0-2: Ball
1-2: Foul Ball, location: 2F
1-2: Fly out, F7 (Flyball, 78S, EV 92.5 MPH)
Bottom of the 3rd over - 1 run, 1 hit, 0 errors, 0 left on base; Athletic Club KC 0 - Montana 1
TOP OF THE 4TH
Athletic Club KC batting - Pitching for Montana Pandas : RHP Phil Soto
Batting: RHB José de la Cavallería 0-0: Foul Ball, location: 2F
0-1: Ball
1-1: Ground out 4-3 (Groundball, 4M, EV 86.2 MPH)
Batting: RHB Marcos Quintana 0-0: Ball
1-0: Swinging Strike
1-1: Ball
2-1: Ground out 1-3 (Groundball, 34S, EV 84.4 MPH)
Batting: RHB Shou-xin Quian 0-0: DOUBLE (Flyball, 8RXD, EV 106.2 MPH)
Batting: RHB Shane Reyes 0-0: Ball
1-0: Ball
2-0: Ball
3-0: Base on Balls
Batting: RHB Gabriel Martínez 0-0: Called Strike
0-1: SINGLE (Groundball, 6D, EV 103.8 MPH)
Shou-xin Quian to third
Shane Reyes to second
Runner from 3rd tries for Home, SAFE, throw by CF to home
Batting: RHB Ali Ben Bongo 0-0: Ball
1-0: Ball
2-0: Ball
3-0: Base on Balls
Shane Reyes to third
Gabriel Martínez to second
Batting: SHB Mike Ríos 0-0: Ball
1-0: Called Strike
1-1: Ball
2-1: Fly out, F7 (Line Drive, 7D, EV 90.0 MPH)
Top of the 4th over - 1 run, 2 hits, 0 errors, 3 left on base; Athletic Club KC 1 - Montana 1
BOTTOM OF THE 4TH
Montana Pandas batting - Pitching for Athletic Club KC : RHP Ray McKendrick
Batting: SHB Dylan Carson 0-0: Ball
1-0: Swinging Strike
1-1: Ball
2-1: SINGLE (Groundball, 34D, EV 99.4 MPH)
Batting: LHB DeMarvion Overshown 0-0: Ball
1-0: Foul Ball, location: 2F
1-1: Fly out, F5 (Popup, 5S, EV 76.9 MPH)
Batting: RHB Edgar Baeza Balk!
Dylan Carson to second
0-0: Ball
1-0: Ball
2-0: Ball
3-0: Base on Balls
Batting: RHB Eikki Kankaanperä 0-0: Ball
Dylan Carson steals 3rd base (no throw)
1-0: Ball
2-0: Called Strike
2-1: DOUBLE (Line Drive, 3D, EV 101.9 MPH)
Dylan Carson scores
Edgar Baeza to third
Batting: RHB Blythe Plumpley 0-0: Called Strike
0-1: Fly out, F9 (Flyball, 9, EV 91.9 MPH)
Runner from 3rd tags up, SCORES, throw by RF
Eikki Kankaanperä to third
Batting: RHB Nick Harper 0-0: Called Strike
0-1: Ground out 6-3 (Groundball, 6, EV 81.2 MPH)
Bottom of the 4th over - 2 runs, 2 hits, 0 errors, 1 left on base; Athletic Club KC 1 - Montana 3
TOP OF THE 5TH
Athletic Club KC batting - Pitching for Montana Pandas : RHP Phil Soto
Batting: RHB Jimbob Ghostkeeper 0-0: Ball
1-0: Fly out, F9 (Flyball, 9D, EV 89.4 MPH)
Batting: LHB César Núñez 0-0: Swinging Strike
0-1: Ball
1-1: Called Strike
1-2: Ball
2-2: Ball
3-2: Foul Ball, location: 2F
3-2: Base on Balls
Pitching: LHP José Sipe
Batting: RHB José de la Cavallería 0-0: Ball
1-0: SINGLE (Groundball, 6MD, EV 98.1 MPH)
César Núñez to second
Batting: RHB Marcos Quintana 0-0: Foul Ball, location: 2F
0-1: Ball
1-1: SINGLE (Groundball, 34D, EV 98.1 MPH)
César Núñez to third
José de la Cavallería to second
Batting: RHB Shou-xin Quian 0-0: Foul Ball, location: 2F
0-1: Called Strike
0-2: Foul Ball, location: 2F
0-2: SINGLE (Groundball, 6, EV 108.1 MPH) (infield hit)
César Núñez scores
José de la Cavallería to third
Marcos Quintana to second
Batting: RHB Shane Reyes 0-0: Ball
1-0: Ball
2-0: Ball
3-0: Base on Balls
José de la Cavallería scores
Marcos Quintana to third
Shou-xin Quian to second
Batting: RHB Gabriel Martínez 0-0: Ball
Wild Pitch!
Marcos Quintana scores
Shou-xin Quian to third
Shane Reyes to second
1-0: Ball
2-0: Foul Ball, location: 2F
2-1: Ball
3-1: Swinging Strike
3-2: Base on Balls
Batting: RHB Ali Ben Bongo 0-0: Called Strike
0-1: Ball
1-1: Ball
2-1: Foul Ball, location: 2F
2-2: Foul Ball, location: 2F
2-2: SINGLE (Groundball, 4, EV 85.0 MPH) (infield hit)
Shou-xin Quian scores
Shane Reyes to third
Gabriel Martínez to second
Batting: SHB Mike Ríos 0-0: Called Strike
0-1: Foul Ball, location: 2F
0-2: Strikes out swinging
Batting: RHB Jimbob Ghostkeeper 0-0: Ball
1-0: Ball
2-0: Ball
3-0: Base on Balls
Shane Reyes scores
Gabriel Martínez to third
Ali Ben Bongo to second
Batting: LHB César Núñez 0-0: Called Strike
0-1: Called Strike
0-2: Ball
1-2: Foul Ball, location: 2F
1-2: Ball
2-2: Strikes out looking
Top of the 5th over - 5 runs, 4 hits, 0 errors, 3 left on base; Athletic Club KC 6 - Montana 3
BOTTOM OF THE 5TH
Montana Pandas batting - Pitching for Athletic Club KC : RHP Ray McKendrick
Batting: SHB Manu Pakkarinen 0-0: Ball
1-0: Ball
2-0: Called Strike
2-1: Fly out, F7 (Line Drive, 7, EV 90.6 MPH)
Batting: SHB Chris Piña 0-0: Ball
1-0: Called Strike
1-1: SINGLE (Groundball, 34S, EV 83.1 MPH) (infield hit)
Batting: LHB Gene Ricks 0-0: Ball
1-0: SINGLE (Groundball, 56D, EV 102.5 MPH)
Chris Piña to second
Batting: SHB Dylan Carson 0-0: Foul Ball, location: 2F
0-1: Ball
1-1: Foul Ball, location: 2F
1-2: Strikes out swinging
Batting: LHB DeMarvion Overshown 0-0: Ball
1-0: Foul Ball, location: 2F
1-1: Fly out, F9 (Flyball, 9S, EV 80.0 MPH)
Bottom of the 5th over - 0 runs, 2 hits, 0 errors, 2 left on base; Athletic Club KC 6 - Montana 3
TOP OF THE 6TH
Athletic Club KC batting - Pitching for Montana Pandas : LHP José Sipe
Pitching: RHP René Fontaine
Batting: RHB José de la Cavallería 0-0: Foul Ball, location: 2F
0-1: Called Strike
0-2: Foul Ball, location: 2F
0-2: Fly out, F4 (Popup, 4S, EV 86.2 MPH)
Batting: RHB Marcos Quintana 0-0: Ball
1-0: Ground out 4-3 (Groundball, 34, EV 106.9 MPH)
Batting: RHB Shou-xin Quian 0-0: Called Strike
0-1: Ball
1-1: Ball
2-1: Ball
3-1: Called Strike
3-2: Strikes out swinging
Top of the 6th over - 0 runs, 0 hits, 0 errors, 0 left on base; Athletic Club KC 6 - Montana 3
BOTTOM OF THE 6TH
Montana Pandas batting - Pitching for Athletic Club KC : RHP Ray McKendrick
Batting: RHB Edgar Baeza 0-0: Ball
1-0: SINGLE (Groundball, 56D, EV 105.6 MPH)
Batting: RHB Eikki Kankaanperä 0-0: Ball
1-0: Ball
2-0: Reached on error, E3 (Groundball, 3S, EV 43.8 MPH)
Edgar Baeza to third
Batting: RHB Blythe Plumpley 0-0: Ball
1-0: Ground out 6-3 (Groundball, 6M, EV 85.6 MPH)
Edgar Baeza scores
Eikki Kankaanperä to third
Batting: RHB Nick Harper 0-0: Ball
1-0: Ball
2-0: Foul Ball, location: 2F
2-1: Foul Ball, location: 2F
2-2: Ground out 4-3 (Groundball, 4, EV 85.0 MPH)
Eikki Kankaanperä scores
Batting: SHB Manu Pakkarinen 0-0: Called Strike
0-1: SINGLE (Line Drive, 6M, EV 103.8 MPH)
Pitching: RHP Javier Mejía
Batting: SHB Chris Piña 0-0: Swinging Strike
0-1: Swinging Strike
0-2: Ball
1-2: Ball
2-2: Strikes out swinging
Bottom of the 6th over - 2 runs, 2 hits, 1 error, 1 left on base; Athletic Club KC 6 - Montana 5
TOP OF THE 7TH
Athletic Club KC batting - Pitching for Montana Pandas : RHP René Fontaine
Batting: RHB Shane Reyes 0-0: Fly out, F8 (Line Drive, 8LD, EV 83.8 MPH)
Batting: RHB Gabriel Martínez 0-0: Called Strike
0-1: Foul Ball, location: 2F
0-2: Ground out 6-3 (Groundball, 6M, EV 90.0 MPH)
Batting: RHB Ali Ben Bongo 0-0: Called Strike
0-1: Fly out, F5 (Flyball, 56D, EV 86.9 MPH)
Top of the 7th over - 0 runs, 0 hits, 0 errors, 0 left on base; Athletic Club KC 6 - Montana 5
BOTTOM OF THE 7TH
Montana Pandas batting - Pitching for Athletic Club KC : RHP Javier Mejía
Batting: LHB Gene Ricks 0-0: Ball
1-0: Foul Ball, location: 2F
1-1: Called Strike
1-2: Ball
2-2: SOLO HOME RUN (Flyball, 9D, EV 97.5 MPH), Distance : 380 ft
Batting: SHB Dylan Carson 0-0: Ball
1-0: Ball
2-0: Ball
3-0: Called Strike
3-1: Swinging Strike
3-2: Strikes out looking
Batting: LHB DeMarvion Overshown 0-0: Ball
1-0: Foul Ball, location: 2F
1-1: Ball
2-1: Ball
3-1: Base on Balls
Batting: RHB Edgar Baeza 0-0: Foul Ball, location: 2F
0-1: Ball
1-1: Called Strike
1-2: Grounds into double play, 6-4-3 (Groundball, 6, EV 80.6 MPH)
Bottom of the 7th over - 1 run, 1 hit, 0 errors, 0 left on base; Athletic Club KC 6 - Montana 6
TOP OF THE 8TH
Athletic Club KC batting - Pitching for Montana Pandas : RHP René Fontaine
Batting: SHB Mike Ríos 0-0: Swinging Strike
0-1: Fly out, F8 (Flyball, 8LD, EV 90.0 MPH)
Batting: RHB Jimbob Ghostkeeper 0-0: Ball
1-0: SINGLE (Groundball, 6MD, EV 101.2 MPH)
Batting: LHB César Núñez 0-0: Ball
1-0: Foul Ball, location: 2F
1-1: Called Strike
1-2: Strikes out looking
Batting: RHB José de la Cavallería 0-0: Foul Ball, location: 2F
0-1: Ball
1-1: Ball
2-1: Swinging Strike
2-2: Ball
3-2: Strikes out swinging, 2-3 out at first.
Top of the 8th over - 0 runs, 1 hit, 0 errors, 1 left on base; Athletic Club KC 6 - Montana 6
BOTTOM OF THE 8TH
Montana Pandas batting - Pitching for Athletic Club KC : RHP Javier Mejía
Pitching: LHP Indigo Diaz
Batting: RHB Eikki Kankaanperä 0-0: Ball
1-0: SINGLE (Groundball, 56D, EV 104.4 MPH)
Batting: RHB Blythe Plumpley 0-0: Ball
1-0: Grounds into double play, 6-4-3 (Groundball, 6, EV 85.6 MPH)
Batting: RHB Nick Harper 0-0: Ball
1-0: Called Strike
1-1: Foul Ball, location: 2F
1-2: Strikes out swinging
Bottom of the 8th over - 0 runs, 1 hit, 0 errors, 0 left on base; Athletic Club KC 6 - Montana 6
TOP OF THE 9TH
Athletic Club KC batting - Pitching for Montana Pandas : RHP René Fontaine
Pitching: RHP Randy Gabaldon
Pinch Hitting: LHB Salvador Ramírez 0-0: Called Strike
0-1: Called Strike
0-2: Ball
1-2: Ball
2-2: Ground out 4-3 (Groundball, 4, EV 97.5 MPH)
Batting: RHB Shou-xin Quian 0-0: Called Strike
0-1: Swinging Strike
0-2: TRIPLE (Flyball, 89XD, EV 93.8 MPH)
Pinch Hitting: RHB Joe Aller 0-0: Called Strike
0-1: Called Strike
0-2: Ball
1-2: Foul Ball, location: 2F
1-2: DOUBLE (Line Drive, 89M, EV 102.5 MPH)
Shou-xin Quian scores
Batting: RHB Gabriel Martínez 0-0: Ground out 6-3 (Groundball, 56, EV 106.2 MPH)
Batting: RHB Ali Ben Bongo 0-0: Foul Ball, location: 2F
0-1: Ball
1-1: Foul Ball, location: 2F
1-2: Foul Ball, location: 2F
1-2: Foul Ball, location: 2F
1-2: Foul Ball, location: 2F
1-2: Hit by Pitch
Batting: SHB Mike Ríos 0-0: Called Strike
0-1: Swinging Strike
0-2: Strikes out looking
Top of the 9th over - 1 run, 2 hits, 0 errors, 2 left on base; Athletic Club KC 7 - Montana 6
BOTTOM OF THE 9TH
Montana Pandas batting - Pitching for Athletic Club KC : LHP Indigo Diaz
Now at C: Wade Tazewell
Now at SS: Terry Kurucz
Pinch Hitting: RHB Gilberto Juárez 0-0: Ball
1-0: Ball
2-0: Swinging Strike
2-1: Ball
3-1: Base on Balls
Batting: SHB Chris Piña 0-0: Foul Ball, location: 2F
0-1: Ball
1-1: Called Strike
1-2: Ball
2-2: Fielders Choice at 2nd, 1-6 (Groundball, 13, EV 90.0 MPH)
Batting: LHB Gene Ricks 0-0: Called Strike
0-1: Called Strike
0-2: 2-RUN HOME RUN (Flyball, 78XD, EV 103.1 MPH), Distance : 386 ft
Tuesday, January 5th, 2021 - OOTP Baseball 20.8 Build 74